Map: Pillars of Gold LE

Players

PattyMac

  • Race: Protoss Protoss
  • League: Grandmaster
  • Spawn Location: 1:00

Neeb - Winner!

  • Race: Protoss Protoss
  • Spawn Location: 7:00

Event: DreamHack SC2 Masters 2020 Winter

VOD

Have the link to the VOD?

Description

Time

  • Played on: Oct. 27, 2020, 6:12 p.m.
  • Length: 4:09

All games in this series

Show
View Real Time Build Order
Export as new Build Order

PattyMac Protoss 

Build Orders: Proxy Void Ray 

Get SALT Encoding   

  12  0:10  Pylon  
  12  0:13  Probe  
  13  0:28  Gateway  
  13  0:31  Probe (Chrono Boost)  
  14  0:41  Probe (Chrono Boost)  
  15  0:45  Assimilator  
  15  0:46  Probe (Chrono Boost)  
  16  0:53  Assimilator  
  16  0:57  Probe  
  17  1:09  Probe  
  18  1:16  Cybernetics Core  
  18  1:20  Gateway  
  18  1:24  Probe  
  19  1:36  Probe  
  20  1:48  Probe  
  20  1:51  Pylon  
  20  1:52  Adept  
  23  2:09  Probe  
  23  2:10  Stargate  
  23  2:11  Adept  
  26  2:22  Probe  
  27  2:23  Pylon  
  27  2:36  Shield Battery  
  27  2:41  Shield Battery  
  27  2:45  Void Ray (Chrono Boost)  
  31  3:02  Shield Battery  
  31  3:11  Shield Battery  
  31  3:12  Void Ray (Chrono Boost)  
  35  3:29  Shield Battery  
  35  3:42  Gateway  
  35  3:47  Shield Battery  
Show
View Real Time Build Order
Export as new Build Order

Neeb Protoss - Winner!

Build Orders: 1 Gate Expand, Proxy Void Ray 

Get SALT Encoding   

  12  0:00  Probe  
  13  0:12  Probe  
  14  0:17  Pylon  
  14  0:24  Probe (Chrono Boost)  
  15  0:36  Probe (Chrono Boost)  
  15  0:39  Gateway  
  16  0:45  Probe (Chrono Boost)  
  16  0:49  Assimilator  
  17  0:51  Probe  
  18  1:03  Probe  
  19  1:16  Probe  
  20  1:26  Nexus  
  21  1:37  Cybernetics Core  
  20  1:40  Probe  
  20  1:46  Assimilator  
  21  1:53  Probe  
  22  1:55  Pylon  
  22  2:07  Probe  
  23  2:11  Zealot (Chrono Boost)  
  25  2:16  Stargate  
  25  2:21  Probe  
  26  2:28  Stalker (Chrono Boost)  
  28  2:41  Shield Battery  
  28  2:43  Shield Battery  
  28  2:53  Void Ray (Chrono Boost)  
  28  2:59  Shield Battery  
  32  3:12  Gateway  
  32  3:22  Void Ray (Chrono Boost)  
  32  3:33  Probe  
  37  3:43  Probe  
  37  3:45  Probe  
  37  3:46  Pylon  
  39  3:55  Probe  
Tags
 
Add a new tag
Caveats
  • Supply blocks, unpowered buildings, or Contaminate may cause inaccurate times.
  • Supply counts are checked every 10 seconds.